 Dungeon Crawl Stone Soup version 0.29-a0-284-gf9362112df (webtiles) character file.

Game seed: 11946031660401303449

142478 deng the Severer (level 16, -19/149 HPs)
             Began as a Minotaur Fighter on Mar 15, 2022.
             Was the Champion of Okawaru.
             Demolished by a radroach (25 damage)
             ... on level 1 of the Spider Nest.
             The game lasted 01:58:24 (44224 turns).

deng the Severer (Minotaur Fighter)                Turns: 44224, Time: 01:58:24

Health: -19/149    AC: 24    Str: 28    XL:     16   Next: 80%
Magic:  24/24      EV: 11    Int:  8    God:    Okawaru [******]
Gold:   878        SH: 17    Dex: 11    Spells: 15/15 levels left

rFire   + + .      SeeInvis .   a - +7 broad axe
rCold   + + .      Faith    .   w - +0 kite shield
rNeg    . . .      Spirit   .   o - +2 chain mail {rPois}
rPois   +          Reflect  +   (helmet restricted)
rElec   +          Harm     .   W - +1 cloak {Will+}
rCorr   +          Rampage  .   Q - +0 pair of gloves
Will    +++..                   l - +0 pair of boots of Bedevilment {rC++}
Stlth   ..........              z - amulet of reflection
HPRegen 0.34/turn               I - ring of Munoeva {rC+ rCorr Int+3}
MPRegen 0.19/turn               H - ring "Naifen" {rElec rF++ rC- Will+ AC+4}

@: slightly contaminated
A: horns 2, retaliatory headbutt
a: Renounce Religion, Heroism, Finesse, Duel


You were on level 1 of the Spider Nest.
You worshipped Okawaru.
Okawaru was exalted by your worship.
You visited 4 branches of the dungeon, and saw 25 of its levels.
You also visited: Sewer and Bailey.

You collected 2858 gold pieces.
You spent 1980 gold pieces at shops.

Inventory:

Hand Weapons
 a - a +7 broad axe (weapon)
 b - a +3 trident of freezing
 y - the +8 demon trident of the Dwarven Hall {pain, Will++ Str+3 Stlth-}
   (Okawaru gifted it to you on level 6 of the Lair of Beasts)

   In the hands of one skilled in necromantic magic, it inflicts extra damage on
   living creatures.
   Str:       It affects your strength (+3).
   Will:      It greatly increases your willpower.
   Stlth:     It makes you less stealthy.
 X - the +3 spear of Ruination {speed, +Blink rPois rN++ Int+3}
   (You found it on level 3 of the Lair of Beasts)

   Attacks with this weapon are significantly faster.
   Int:       It affects your intelligence (+3).
   rPois:     It protects you from poison.
   rN:        It greatly protects you from negative energy.
   +Blink:    It lets you blink.
Missiles
 e - 5 silver boomerangs
 q - 4 throwing nets
 s - 21 boomerangs
 C - 6 boomerangs of dispersal
 E - 4 silver javelins
 M - 12 curare-tipped darts
 U - 4 javelins (quivered)
Armour
 l - the +0 pair of boots of Bedevilment (worn) {rC++}
   (Okawaru gifted it to you on level 12 of the Dungeon)

   rC:        It greatly protects you from cold.
 o - a +2 chain mail of poison resistance (worn)
 w - a +0 kite shield (worn)
 Q - a +0 pair of gloves (worn)
 W - a +1 cloak of willpower (worn)
Jewellery
 z - an amulet of reflection (around neck)
 H - the ring "Naifen" (right hand) {rElec rF++ rC- Will+ AC+4}
   (You found it on level 6 of the Lair of Beasts)

   [ring of protection]

   AC:        It affects your AC (+4).
   rF:        It greatly protects you from fire.
   rC:        It makes you vulnerable to cold.
   rElec:     It insulates you from electricity.
   Will:      It increases your willpower.
 I - the ring of Munoeva (left hand) {rC+ rCorr Int+3}
   (You acquired it on level 3 of the Lair of Beasts)

   [ring of protection from cold]

   Int:       It affects your intelligence (+3).
   rC:        It protects you from cold.
   rCorr:     It protects you from acid and corrosion.
 K - a ring of poison resistance
 R - a ring of flight
 S - a ring of see invisible
Wands
 t - a wand of flame (20)
 v - a wand of digging (2)
 D - a wand of acid (8)
 T - a wand of paralysis (20)
 Y - a wand of mindburst (18)
 Z - a wand of iceblast (15)
Scrolls
 g - a scroll of teleportation
 j - 2 scrolls of fog
 k - a scroll of holy word
 n - 7 scrolls of identify
 r - a scroll of torment
 x - 2 scrolls of blinking
 B - 3 scrolls of magic mapping
 J - a scroll of enchant armour {unknown}
 O - a scroll of acquirement
Potions
 c - a potion of heal wounds
 d - 6 potions of might
 f - a potion of berserk rage
 h - 5 potions of resistance
 i - a potion of brilliance
 m - 2 potions of attraction
 p - 15 potions of ambrosia
 A - 2 potions of haste
 F - 5 potions of lignification
 G - a potion of flight
 L - 4 potions of curing
 N - 2 potions of cancellation
 P - 4 potions of invisibility
Miscellaneous
 u - a phial of floods
 V - a condenser vane


   Skills:
 - Level 15.0 Fighting
 - Level 18.0 Axes
 - Level 10.0 Throwing
 - Level 13.0 Armour
 - Level 10.0 Dodging
 + Level 14.6 Shields
 - Level 12.0 Invocations
 - Level 6.0 Evocations


You had 15 spell levels left.
You didn't know any spells.
Your spell library contained the following spells:

 Spells                   Type           Power      Damage    Failure   Level
 Ensorcelled Hibernation  Hex/Ice        0%         N/A       99%         2
 Dazzling Flash           Conj/Hex       0%         N/A       100%        3
 Inner Flame              Hex/Fire       0%         N/A       100%        3
 Ozocubu's Armour         Ice            0%         N/A       100%        3
 Portal Projectile        Hex/Tloc       0%         N/A       100%        3
 Spider Form              Tmut/Pois      0%         N/A       100%        3
 Anguish                  Hex/Necr       0%         N/A       100%        4
 Cause Fear               Hex            0%         N/A       100%        4
 Flame Wave               Conj/Fire      0%         2d4       100%        4
 Fulminant Prism          Conj/Hex       0%         3d6       100%        4
 Iskenderun's Mystic Bla  Conj/Tloc      0%         2d3       100%        4
 Leda's Liquefaction      Hex/Erth       0%         N/A       100%        4
 Olgreb's Toxic Radiance  Pois           0%         N/A       100%        4
 Blade Hands              Tmut           0%         N/A       100%        5
 Excruciating Wounds      Necr           0%         N/A       100%        5
 Iskenderun's Battlesphe  Conj           0%         2d6       100%        5
 Eringya's Noxious Bog    Tmut/Pois      0%         N/A       100%        6
 Iron Shot                Conj/Erth      0%         9d1       100%        6
 Starburst                Conj/Fire      0%         6d3       100%        6
 Ozocubu's Refrigeration  Ice            0%         4d5       100%        7
 Discord                  Hex            0%         N/A       100%        8
 Ignition                 Fire           0%         3d3       100%        8
 Call Canine Familiar     Summ           Unusable   N/A       N/A         3
 Summon Forest            Summ/Tloc      Unusable   N/A       N/A         5
 Summon Cactus Giant      Summ           Unusable   N/A       N/A         6
 Spellforged Servitor     Conj/Summ      Unusable   N/A       N/A         7
 Summon Hydra             Summ           Unusable   N/A       N/A         7

Dungeon Overview and Level Annotations

Branches:
Dungeon (15/15)            Temple (0/1) D:6            Lair (6/6) D:8
  Swamp (0/4) Lair:2       Spider (2/4) Lair:4        Slime (0/5) Lair:5
    Orc (2/2) D:9             Elf (0/3) Orc:2        Vaults (0/5) D:14
 Depths (0/4) D:15          Sewer (visited)          Bailey (visited)

Altars:
Fedhas
Okawaru
Qazlal
Sif Muna
Xom
Beogh

Shops:
D:4 [   Orc:2 [[(!

Annotations:
D:3 exclusion: door
D:14 2 transporters, Huemetul's ghost, journeyman TrMo
Lair:1 1 exclusion
Lair:2 2 runed translucent doors, exclusion: 2 doors, Buheuvah's ghost, journeyman MiFi
Spider:2 Aizul
Orc:1 2 transporters


Innate Abilities, Weirdness & Mutations

You have a pair of horns on your head.
You reflexively headbutt those who attack you in melee.


Message History

You closely miss the orb spider. You headbutt the orb spider.
The orb spider is almost dead.
You slash the tarantella! You block the tarantella's attack.
You slash the tarantella!
You kill the tarantella!
Okawaru accepts your kill.
The orb spider weaves a glowing orb of energy.
An orb of destruction comes into view.
You barely miss the radroach.
You headbutt the radroach, but do no damage.
The radroach barely misses you.
The radroach claws you but does no damage.
You barely miss the radroach.
The orb of destruction reflects off an invisible shield around you!
The radroach bites you. The radroach claws you!
You hit the radroach. Your headbutt misses the radroach.
The radroach is lightly wounded.
The orb spider spins a strand of pure energy.
You slash the radroach!
The radroach is moderately wounded.
You block the radroach's attack. x2
You slash the radroach!
The radroach is moderately wounded.
The orb spider weaves a glowing orb of energy.
The radroach erupts in a fountain of uncontrolled magic!
You are blasted with magical radiation!!!
You are very lightly contaminated with residual magic.
An orb of destruction comes into view.
You slash the radroach!
The radroach is heavily wounded.
The radroach erupts in a fountain of uncontrolled magic!
You are blasted with magical radiation!!
* * * LOW HITPOINT WARNING * * *
You are lightly contaminated with residual magic.
Unknown command.
The orb of destruction hits you!!!
* * * LOW HITPOINT WARNING * * *
The radroach erupts in a fountain of uncontrolled magic!
You are blasted with magical radiation!!
You die...

,,,,** **** **,,** #.
,,,,,***..*###....## ###.
,,,,,*,,...#.......* #...
,,*,,,,,...#.....°○*##########...
,**,*,,,........°°**#[....^'.....
,,,,,,,**.....#..#* ########.....
,,,,,,,*,,,..s☼..## ##....
,,,,,>**,,,,,#○○B.## #.....
,,,,,***,,,,*#..@.^# #.....
,,,,** **,,**#.....# ##.....
,,,** **** ##....## #...... ,,**
##....# ##...... ,**
##...######....... **
#...#<.[.^....... *
#...##.#####..... *
#.....#...###..## *
##.....#...######


You could see a radroach and an orb spider.

Vanquished Creatures
  Rupert (Lair:5)
  An emperor scorpion (Spider:1)
  Louise (Spider:1)
  2 broodmothers
  An ironbound preserver (D:14)
  A very ugly thing (D:15)
  2 entropy weavers (Spider:1)
  An entropy weaver (shapeshifter) (D:15)
  The ghost of Sallelih the Severer, a journeyman HOMo (D:13)
  Snorg (D:11)
  Josephine (D:13)
  Harold (D:11)
  A rakshasa (D:15)
  Fannar (D:11)
  2 boulder beetles
  10 hydras
  2 catoblepae
  A radroach (Spider:1)
  14 two-headed ogres
  A death knight (D:13)
  4 ogre magi (Orc:2)
  Erica (D:11)
  3 centaur warriors
  A dancing weapon (D:13)
  2 tengu warriors (D:15)
  An orc high priest (Orc:1)
  A pharaoh ant (Spider:1)
  A goliath frog (Lair:6)
  A steelbarb worm (Spider:1)
  4 orb spiders
  A glowing orange brain (D:15)
  A wizard (D:14)
  A necromancer (Spider:1)
  The ghost of BigAl the Magician, a novice GrEE (D:7)
  4 orc knights
  8 wolf spider zombies (Spider:1)
  3 deep elf pyromancers
  15 ugly things
  5 wolf spiders (Spider:1)
  An oklob plant (Lair:6)
  2 orc sorcerers
  4 cyclopes
  2 manticores
  A black mamba (shapeshifter) (D:13)
  A black mamba (Lair:6)
  13 elephants
  28 cane toads
  A gargoyle (D:14)
  A kobold demonologist (Bailey)
  14 komodo dragons
  6 rime drakes
  2 demonic crawlers (Spider:1)
  A tengu conjurer (D:15)
  6 redback zombies (Spider:1)
  2 efreet
  A freezing wraith (D:14)
  4 trolls
  The ghost of yegreS the Cleaver, an amateur DDFi of Okawaru (D:7)
  2 tyrant leeches
  A polar bear (Lair:3)
  2 queen bees
  14 tarantellas (Spider:1)
  40 blink frogs
  8 culicivora zombies (Spider:1)
  17 slime creatures
  Prince Ribbit (D:8)
  12 tarantella zombies (Spider:1)
  2 centaur simulacra (D:13)
  6 jumping spiders (Spider:1)
  4 water elementals
  7 wraiths
  4 culicivoras (Spider:1)
  6 wyverns
  54 yaks
  7 basilisks
  Grum (D:11)
  Eustachio (D:5)
  A basilisk (shapeshifter) (D:15)
  14 redbacks (Spider:1)
  3 steam dragons
  19 vampire mosquitoes
  10 wargs
  13 water moccasins
  Duvessa (D:4)
  32 orc warriors
  3 black bears
  4 sky beasts
  27 ogres
  2 ice beasts (D:13)
  A tengu (shapeshifter) (D:15)
  17 centaurs
  13 wolves
  A phantom (D:6)
  6 kobold brigands
  Blork the orc (D:6)
  14 bullfrogs
  A gnoll sergeant (D:13)
  6 scorpions
  5 wights (D:8)
  Dowan (D:4)
  55 killer bees
  2 howler monkeys (D:10)
  8 electric eels
  16 orc priests
  4 hounds
  2 gnoll shamans
  24 orc wizards
  Ijyb (D:4)
  6 hell rats
  Robin (D:3)
  17 gnolls
  4 river rats
  17 adders
  A shadow imp (D:7)
  3 white imps (D:6)
  An ufetubus (D:5)
  3 worms
  4 dart slugs
  89 orcs
  2 endoplasms
  4 giant cockroaches
  22 goblins
  15 hobgoblins
  4 jackals (D:1)
  2 quokkas
  8 ball pythons
  9 bats
  2 frilled lizards (D:1)
  32 kobolds
  17 rats
  A bush (Lair:6)
955 creatures vanquished.

Vanquished Creatures (others)
  An orc (D:9)
  4 bushes (Lair:6)
  48 fungi
  152 plants
205 creatures vanquished.

Grand Total: 1160 creatures vanquished

Notes
Turn   | Place    | Note
-------+----------+-------------------------------------------
     0 | D:1      | deng the Minotaur Fighter began the quest for the Orb.
     0 | D:1      | Reached XP level 1. HP: 19/19 MP: 0/0
   229 | D:1      | Reached skill level 3 in Axes
   312 | D:1      | Reached XP level 2. HP: 27/27 MP: 1/1
   528 | D:1      | Found a faded altar of an unknown god.
   533 | D:1      | Prayed at the altar of an unknown god.
   533 | D:1      | Became a worshipper of Warmaster Okawaru
   533 | D:1      | Reached * piety under Okawaru
   562 | D:1      | Reached skill level 4 in Axes
   729 | D:1      | Reached XP level 3. HP: 33/33 MP: 2/2
   889 | D:2      | Reached skill level 1 in Invocations
  1255 | D:2      | Reached XP level 4. HP: 40/40 MP: 4/4
  1581 | D:3      | Noticed Robin
  1692 | D:3      | Killed Robin
  1693 | D:3      | Reached skill level 5 in Axes
  1946 | D:3      | Found a shimmering blue altar of Sif Muna.
  2136 | D:3      | Reached XP level 5. HP: 46/46 MP: 5/5
  2382 | D:4      | Found Robom's Armour Boutique.
  2526 | D:4      | Noticed Duvessa
  2545 | D:4      | Noticed Dowan
  2548 | D:4      | Killed Duvessa
  2548 | D:4      | Reached ** piety under Okawaru
  2549 | D:4      | Reached skill level 6 in Axes
  2549 | D:4      | Reached XP level 6. HP: 52/52 MP: 4/7
  2557 | D:4      | Killed Dowan
  2985 | D:4      | Noticed Ijyb
  2994 | D:4      | Killed Ijyb
  3801 | D:5      | Entered Level 5 of the Dungeon
  4143 | D:5      | Noticed a sky beast
  4154 | D:5      | Killed a sky beast
  4155 | D:5      | Reached skill level 7 in Axes
  4155 | D:5      | Reached XP level 7. HP: 45/58 MP: 9/9
  4301 | D:5      | Reached skill level 5 in Invocations
  4476 | D:5      | Noticed Eustachio
  4494 | D:5      | Killed Eustachio
  4804 | D:5      | Reached skill level 8 in Axes
  5169 | D:5      | Got the Catalogue of Damaging Companions
  5189 | D:5      | Reached *** piety under Okawaru
  5396 | D:6      | Reached XP level 8. HP: 41/66 MP: 11/11
  5529 | D:5      | Reached skill level 9 in Axes
  5578 | D:6      | Reached skill level 10 in Axes
  5713 | D:6      | Found a staircase to the Ecumenical Temple.
  5724 | D:6      | Reached skill level 1 in Dodging
  5781 | D:6      | Found a glowing drain.
  5883 | Sewer    | Entered a sewer
  6353 | D:6      | Noticed Blork the orc
  6367 | D:6      | Killed Blork the orc
  6458 | D:6      | Reached **** piety under Okawaru
  6459 | D:6      | Reached XP level 9. HP: 36/72 MP: 12/12
  7020 | D:7      | Found a flagged portal.
  7199 | D:7      | Reached skill level 5 in Armour
  7393 | Bailey   | Entered a bailey
  7940 | Bailey   | Reached skill level 5 in Fighting
  7940 | Bailey   | Reached skill level 5 in Shields
  8115 | Bailey   | Noticed a kobold demonologist
  8142 | Bailey   | Killed a kobold demonologist
  8282 | Bailey   | HP: 1/74 [orc warrior/+0 hand axe (12)]
  8585 | Bailey   | Reached skill level 11 in Axes
  9195 | Bailey   | Noticed an orc knight
  9366 | Bailey   | Noticed an orc sorcerer
  9382 | Bailey   | Killed an orc sorcerer
  9385 | Bailey   | Found an iron altar of Okawaru.
  9395 | Bailey   | Reached XP level 10. HP: 65/83 MP: 14/14
  9431 | Bailey   | Identified the +8 chain mail "Meru" {+Inv Will- Int-5
                  | Dex+8}
 10514 | Bailey   | Killed an orc knight
 10514 | Bailey   | Reached ***** piety under Okawaru
 10588 | D:7      | Reached skill level 16 in Axes
 10588 | D:7      | Reached XP level 11. HP: 91/91 MP: 15/15
 10983 | D:7      | Found a runed translucent gate.
 10984 | D:7      | Found a runed translucent gate.
 10984 | D:7      | Found a runed translucent gate.
 10985 | D:7      | Noticed BigAl's ghost (novice GrEE)
 10985 | D:7      | Noticed yegreS's ghost (amateur DDFi)
 11208 | D:7      | Killed BigAl's ghost
 11213 | D:7      | Killed yegreS's ghost
 11394 | D:8      | Reached skill level 5 in Dodging
 11721 | D:8      | Received a gift from Okawaru
 11785 | D:8      | Found a staircase to the Lair.
 12238 | D:9      | Noticed Prince Ribbit
 12261 | D:8      | Killed Prince Ribbit
 13220 | D:9      | Found a staircase to the Orcish Mines.
 13650 | D:10     | Entered Level 10 of the Dungeon
 15160 | Lair:1   | Entered Level 1 of the Lair of Beasts
 15193 | Lair:1   | Identified the +3 leather armour "Gebev" {rC- rN+++ Regen+
                  | Str+4}
 15222 | Lair:1   | Reached skill level 17 in Axes
 15331 | Lair:1   | Found a blossoming altar of Fedhas.
 15463 | Lair:1   | Reached XP level 12. HP: 83/101 MP: 17/17
 15579 | Lair:1   | Identified the +2 scale mail "Esilivi" {Contam +Blink rElec
                  | rN++} (Okawaru gifted it to you on level 1 of the Lair of
                  | Beasts)
 15579 | Lair:1   | Received a gift from Okawaru
 16883 | Lair:2   | Reached skill level 18 in Axes
 16984 | Lair:2   | Reached skill level 1 in Throwing
 17290 | Lair:2   | Found a staircase to the Swamp.
 17472 | Lair:2   | Noticed a catoblepas
 17489 | Lair:2   | Killed a catoblepas
 17554 | Lair:2   | Reached ****** piety under Okawaru
 17585 | Lair:2   | Reached skill level 10 in Invocations
 18188 | Lair:2   | Reached skill level 5 in Throwing
 18196 | Lair:2   | Received a gift from Okawaru
 18514 | Lair:2   | Found a large runed translucent door.
 18514 | Lair:2   | Found a large runed translucent door.
 18555 | Lair:2   | Noticed a five-headed hydra
 18568 | Lair:2   | Killed a five-headed hydra
 18962 | Lair:2   | Reached XP level 13. HP: 69/107 MP: 20/20
 19205 | Lair:2   | Noticed Buheuvah's ghost (journeyman MiFi)
 19741 | Lair:2   | Received a gift from Okawaru
 19947 | Lair:3   | Identified the +3 spear of Ruination {speed, +Blink rPois
                  | rN++ Int+3}
 21773 | Lair:4   | Reached skill level 1 in Evocations
 21857 | Lair:4   | Found a hole to the Spider Nest.
 23252 | Lair:5   | Noticed Rupert
 23279 | Lair:5   | Killed Rupert
 23698 | Lair:5   | Found a staircase to the Slime Pits.
 23966 | Lair:6   | Entered Level 6 of the Lair of Beasts
 24723 | Lair:6   | Identified the +6 war axe of the Distant Future {freeze,
                  | rPois rCorr Str+3} (Okawaru gifted it to you on level 6 of
                  | the Lair of Beasts)
 24723 | Lair:6   | Received a gift from Okawaru
 25053 | Lair:5   | Reached XP level 14. HP: 116/118 MP: 22/22
 25582 | Lair:5   | Reached skill level 10 in Fighting
 25582 | Lair:5   | Reached skill level 10 in Armour
 25601 | Lair:5   | Received a gift from Okawaru
 26589 | Lair:6   | Reached skill level 5 in Evocations
 26748 | Lair:6   | Received a gift from Okawaru
 27037 | Lair:6   | Identified the +8 demon trident of the Dwarven Hall {pain,
                  | Will++ Str+3 Stlth-} (Okawaru gifted it to you on level 6
                  | of the Lair of Beasts)
 27037 | Lair:6   | Received a gift from Okawaru
 27398 | Lair:6   | Identified the ring "Naifen" {rElec rF++ rC- Will+ AC+4}
 27400 | Lair:6   | Acquired the ring of Munoeva {rC+ rCorr Int+3}
 28485 | D:11     | Noticed Snorg
 28499 | D:11     | Killed Snorg
 28838 | D:11     | Noticed Erica
 28846 | D:11     | Killed Erica
 28934 | D:11     | Noticed Grum
 28952 | D:11     | Killed Grum
 29069 | D:11     | Noticed Fannar
 29654 | D:11     | Killed Fannar
 29798 | D:11     | Received a gift from Okawaru
 30062 | D:11     | Noticed Harold
 30069 | D:11     | Paralysed by Harold for 7 turns
 30082 | D:11     | Killed Harold
 30934 | Orc:1    | Entered Level 1 of the Orcish Mines
 31504 | Orc:1    | Found a transporter.
 31676 | Arena    | Entered the Arena
 31858 | Orc:1    | Reached XP level 15. HP: 122/132 MP: 23/23
 32261 | Orc:1    | Found a transporter.
 32309 | Orc:2    | Entered Level 2 of the Orcish Mines
 32630 | Orc:2    | Received a gift from Okawaru
 32637 | Orc:2    | Found Liut's Distillery.
 32637 | Orc:2    | Found Icidemiu's Weapon Shoppe.
 32640 | Orc:2    | Found Roreeth's Antique Armour Shoppe.
 32640 | Orc:2    | Found Iwul's Antique Armour Shop.
 32642 | Orc:2    | Received a gift from Okawaru
 32908 | Orc:2    | Bought a potion of heal wounds for 80 gold pieces
 33067 | Orc:2    | Found a staircase to the Elven Halls.
 33966 | Orc:2    | Bought a runed cloak for 195 gold pieces
 33987 | Orc:2    | Bought glimmering swamp dragon scales for 1705 gold pieces
 33987 | Orc:2    | Identified the +0 swamp dragon scales of the Locust {rPois
                  | rF+} (You bought it in a shop on level 2 of the Orcish
                  | Mines)
 34328 | D:12     | Reached skill level 10 in Shields
 34461 | D:12     | Identified the +0 pair of boots of Bedevilment {rC++}
                  | (Okawaru gifted it to you on level 12 of the Dungeon)
 34461 | D:12     | Received a gift from Okawaru
 35141 | D:13     | Reached skill level 10 in Dodging
 36254 | D:13     | Noticed Josephine
 36271 | D:13     | Killed Josephine
 36414 | D:13     | Found a runed translucent door.
 36414 | D:13     | Found a shimmering altar of Xom.
 36414 | D:13     | Noticed Sallelih's ghost (journeyman HOMo)
 36602 | D:13     | Killed Sallelih's ghost
 37341 | D:14     | Found a gate to the Vaults.
 37768 | D:14     | Reached XP level 16. HP: 132/147 MP: 24/24
 37973 | D:14     | Found a transporter.
 37976 | D:14     | Found a transporter.
 37977 | D:14     | Noticed Huemetul's ghost (journeyman TrMo)
 38602 | D:15     | Entered Level 15 of the Dungeon
 38606 | D:15     | Found a stormy altar of Qazlal.
 38741 | D:15     | Identified the +6 quarterstaff "Awesha" {flame, rPois}
 39150 | D:15     | Received a gift from Okawaru
 39947 | D:15     | Found a staircase to the Depths.
 39978 | D:15     | Noticed a shadow dragon
 39978 | D:15     | an alligator snapping turtle changed into a shadow dragon
 40932 | D:15     | Found a stormy altar of Qazlal.
 41358 | Spider:1 | Entered Level 1 of the Spider Nest
 41426 | Spider:1 | Reached skill level 15 in Fighting
 41649 | Spider:1 | Received a gift from Okawaru
 42114 | Spider:2 | Noticed Louise
 42148 | Spider:1 | Reached skill level 10 in Throwing
 42304 | Spider:1 | Received a gift from Okawaru
 42337 | Spider:1 | Killed Louise
 42701 | Spider:2 | Noticed Aizul
 42731 | Spider:1 | HP: 1/145 [disintegration (51)]
 43160 | Spider:1 | Received a gift from Okawaru
 43819 | Spider:1 | Identified the +0 ring mail "Ymnerchoe" {Harm rElec rC+
                  | Int-3} (Okawaru gifted it to you on level 1 of the Spider
                  | Nest)
 43819 | Spider:1 | Received a gift from Okawaru
 44224 | Spider:1 | HP: 6/149 [disintegration (37)]
 44224 | Spider:1 | Demolished by a radroach

Illustrated notes

Levels and vault maps discovered:
D:1:      lightli_molten_gateway, layout_basic,
          shapermc_ecumenical_altar_notcrosses, minmay_misc_feat_hallway
D:2:      layout_rooms, minmay_misc_feat_diagonals
D:3:      layout_basic, led_sif_book, uniq_robin
D:4:      layout_layer_cave, serial_shops, shop, amcnicky_mini_corridor_feature,
          uniq_duvessa, uniq_ijyb
D:5:      layout_loops_corners, moated_statue, nicolae_elevator_lobby_plus,
          uniq_eustachio, uniq_crazy_yiuf_cottage
D:6:      layout_loops_ring, minmay_temple_entry_offerings,
          lightli_sewer_entry_pipes, uniq_blork_the_orc
D:7:      layout_loops_ring, gammafunk_ghost_cemetery, enter_bailey_2,
          feat_on_display
D:8:      layout_rooms, david_lair_shrubbed
D:9:      layout_layer_cave, minmay_orc_entry_guard_dogs, uniq_prince_ribbit1
D:10:     layout_stronghold, lemuel_flamethrower_hall
D:11:     layout_loops_corners, uniq_erica, uniq_grum, uniq_snorg, uniq_fannar,
          uniq_harold
D:12:     layout_rooms, nrook_pool_corridor, amcnicky_mini_pool_medium
D:13:     layout_roguey, serial_ice, serial_ice_j, serial_ice_d, serial_ice_h,
          serial_ice_n, ebering_ghost_xom, uniq_josephine
D:14:     layout_rooms, skrybe_vaults_entry_preservation,
          chequers_serial_rivers_small_3, special_room [special_room_orc],
          gammafunk_ghost_hive
D:15:     gammafunk_enter_depths_forms, layout_long_grid, grunt_qazlal_clouds,
          drop_trap
Lair:1:   layout_loops_ring, chequers_serial_rivers_micro_a,
          lemuel_centaur_altar
Lair:2:   regret_index_bee_streams, layout_regular_city,
          minmay_swamp_entry_swarm, ebering_ghost_disaster_area, serial_rivers,
          chequers_serial_rivers_micro_d, chequers_serial_rivers_micro_b,
          chequers_serial_rivers_marsh, chequers_serial_rivers_small_b,
          chequers_serial_rivers_marsh, chequers_serial_rivers_micro_a
Lair:3:   layout_cave_pods, infiniplex_staircase_pool_2
Lair:4:   layout_gridlike, nicolae_spider_entry_orb_guardian,
          serial_bayou_lagoon_a
Lair:5:   layout_cave_pods, slime_dummy, lemuel_fruit_fields,
          infiniplex_staircase_pool, uniq_rupert
Lair:6:   minmay_lair_end_frog_pond, layout_regular_city,
          nicolae_lair_grazing_beasts [nicolae_sub_lair_graze_edge,
          nicolae_sub_lair_graze_edge, nicolae_sub_lair_graze_edge,
          nicolae_sub_lair_graze_edge]
Spider:1: lemuel_spider_zombies, nicolae_spider_twisty_arc_passages
Spider:2: layout_spider_delve, nicolae_spider_swamp_cousins, uniq_louise,
          uniq_aizul
Orc:1:    emtedronai_trogs_sanctum, layout_diamond_mine, special_room
          [special_room_bee]
Orc:2:    st_orc_ogre_mass, layout_caves

Skill      XL: |  1  2  3  4  5  6  7  8  9 10 11 12 13 14 15 16 |
---------------+-------------------------------------------------+-----
Axes           | 3 4 5 6 7 8 10 11 16 17 18 | 18.0
Invocations    | 1 2 3 4 6 7 8 10 12 | 12.0
Dodging        | 2 4 6 7 8 10 | 10.0
Fighting       | 4 6 7 8 9 12 14 15 | 15.0
Armour         | 4 6 7 8 9 10 12 13 | 13.0
Shields        | 4 6 8 10 14 | 14.6
Throwing       | 5 6 8 10 | 10.0
Evocations     | 3 6 |  6.0

Action                   |  1- 3 |  4- 6 |  7- 9 | 10-12 | 13-15 | 16-18 || total
-------------------------+-------+-------+-------+-------+-------+-------++-------
Melee: War axe           |    84 |   141 |   348 |    57 |   183 |       ||   813
       Headbutt          |    10 |    16 |    54 |   108 |   250 |   157 ||   595
       Broad axe         |       |       |     5 |   498 |   946 |   559 ||  2008
       Trident           |       |       |       |    10 |    54 |       ||    64
       Demon trident     |       |       |       |       |     7 |     1 ||     8
Throw: Boomerang         |       |     1 |    10 |     1 |     7 |       ||    19
       Dart              |       |       |       |       |     3 |       ||     3
       Javelin           |       |       |       |       |     7 |     7 ||    14
Invok: Heroism           |       |     2 |     5 |     4 |     4 |     1 ||    16
       Finesse           |       |       |     1 |       |     5 |     1 ||     7
       Duel              |       |       |       |       |     1 |       ||     1
Evoke: Wand              |       |       |     1 |     1 |    11 |     2 ||    15
       Condenser vane    |       |       |       |       |     2 |       ||     2
  Use: Scroll            |     3 |     3 |    12 |     9 |    12 |     6 ||    45
       Potion            |       |       |     7 |     2 |     7 |     5 ||    21
 Stab: Confused          |       |       |       |       |     6 |       ||     6
       Held in net/web   |       |       |       |       |       |     1 ||     1
Armor: Scale mail        |    14 |       |       |       |   107 |       ||   121
       Chain mail        |    35 |    92 |   145 |     1 |   315 |   255 ||   843
       Skin              |       |       |    11 |       |       |       ||    11
       Plate armour      |       |       |       |   250 |    29 |       ||   279
Dodge: Dodged            |    40 |    47 |   107 |   183 |   516 |   174 ||  1067
Block: Buckler           |    24 |    32 |    64 |   107 |   286 |    50 ||   563
       Reflection        |       |       |       |       |     7 |     4 ||    11
       Kite shield       |       |       |       |       |       |   339 ||   339

Table legend: (Time is in decaauts)
 A = Elapsed time spent in this place.
 B = Non-inter-level travel time spent in this place.
 C = Inter-level travel time spent in this place.
 D = Time resting spent in this place.
 E = Time spent auto-exploring this place.
 F = Levels seen in this place.
 G = Mean time per level.
                   A        B        C        D        E       F      G
               +--------+--------+--------+--------+--------+-----+--------+
         Total |  43925 |  41813 |   2112 |   8846 |  26414 |  28 | 1568.8 |
       Dungeon |  21606 |  20433 |   1173 |   2418 |  15088 |  15 | 1440.4 |
          Lair |  13930 |  13201 |    729 |   3272 |   8024 |   6 | 2321.7 |
   Spider Nest |   2340 |   2307 |     33 |   1199 |    480 |   2 | 1170.0 |
  Orcish Mines |   2722 |   2546 |    176 |    100 |   1961 |   2 | 1361.0 |
         Sewer |    160 |    160 |      0 |      0 |    105 |   1 |  160.0 |
        Bailey |   3155 |   3155 |      0 |   1856 |    754 |   1 | 3155.0 |
         Arena |      8 |      8 |      0 |      0 |      0 |   1 |    8.0 |
               +--------+--------+--------+--------+--------+-----+--------+

Top non-repeatable levels by time:
  Bailey: 3155 daAuts
  Lair:5: 3108 daAuts
  Lair:2: 3099 daAuts
  Lair:6: 2975 daAuts
Spider:1: 2318 daAuts
    D:13: 2258 daAuts
    D:15: 2183 daAuts
    D:10: 1996 daAuts
  Lair:4: 1892 daAuts
   Orc:1: 1747 daAuts
     D:5: 1681 daAuts
    D:11: 1677 daAuts
    D:14: 1610 daAuts
  Lair:1: 1589 daAuts
     D:6: 1501 daAuts
